 Dungeon Crawl Stone Soup version 0.18-a0-1312-gf98331d (webtiles) character file.

94115 KarvaRausku the Peltast (level 16, -5/134 HPs)
             Began as a Formicid Fighter on Feb 14, 2016.
             Was the Champion of Okawaru.
             Killed from afar by a spriggan druid (18 damage)
             ... with a stone arrow
             ... on level 4 of the Swamp.
             The game lasted 02:34:53 (21475 turns).

KarvaRausku the Peltast (Formicid Fighter)         Turns: 21475, Time: 02:35:14

Health: -5/134     AC: 21    Str: 29    XL:     16   Next: 59%
Magic:  20/20      EV: 16    Int:  9    God:    Okawaru [******]
Gold:   1341       SH: 19    Dex: 17    Spells: 5 memorised, 13 levels left

rFire  . . .     SeeInvis +     E - +10 trident "Pisiuwk" {freeze, rN+ Stlth+, James}
rCold  . . .     Gourm    .     u - +4 ring mail of Fotolat {rPois Regen+ Str+3}
rNeg   + + .     Faith    .     V - +0 shield of the Purple Skies {rElec Dex+3, Veronica}
rPois  +         Spirit   .     (helmet unavailable)
rElec  +         Dismiss  .     M - +2 cloak {MR+}
rCorr  +         Reflect  +     c - +2 pair of gloves {Dex+3}
SustAt .         Harm     .     v - +0 pair of boots
MR     ++...                    R - +4 amulet of reflection
Stlth  ++........               L - ring of positive energy
                                k - ring of resist corrosion

@: very resistant to hostile enchantments, unstealthy
A: permanent stasis, dig shafts and tunnels, four strong arms, antennae 3,
poison resistance
a: Dig, Shaft Self, Heroism, Finesse, Renounce Religion


You were on level 4 of the Swamp.
You worshipped Okawaru.
Okawaru was exalted by your worship.
You were not hungry.

You visited 4 branches of the dungeon, and saw 26 of its levels.
You also visited: Sewer and Volcano.

You collected 1867 gold pieces.

Inventory:

Hand Weapons
 a - a +2 glaive of flaming
 n - a +2 triple sword of holy wrath
 E - the +10 trident "Pisiuwk" (weapon) {freeze, rN+ Stlth+, James}
   (You found it on level 4 of the Dungeon)

   It has been specially enchanted to freeze those struck by it, causing extra
   injury to most foes and up to half again as much damage against particularly
   susceptible opponents.
   It can also slow down cold-blooded creatures.
   It protects you from negative energy.
   It makes you more stealthy.
Missiles
 h - 3 tomahawks (quivered)
Armour
 c - a +2 pair of gloves of dexterity (worn)
 u - the +4 ring mail of Fotolat (worn) {rPois Regen+ Str+3}
   (You found it in a sewer)

   It affects your strength (+3).
   It protects you from poison.
   It increases your rate of regeneration.
 v - a +0 pair of boots (worn)
 B - a +3 shield {Vanessa}
 M - a +2 cloak of magic resistance (worn)
 S - the +0 ring mail of the Four Mice {rF+ Dex+5}
   (You found it on level 7 of the Dungeon)

   It affects your dexterity (+5).
   It protects you from fire.
 V - the +0 shield of the Purple Skies (worn) {rElec Dex+3, Veronica}
   (Okawaru gifted it to you on level 1 of the Swamp)

   It affects your dexterity (+3).
   It insulates you from electricity.
Jewellery
 k - a ring of resist corrosion (left hand)
 t - an uncursed amulet of dismissal
 w - an uncursed amulet of magic regeneration
 L - a ring of positive energy (right hand)
 R - a +4 amulet of reflection (around neck)
Wands
 b - a wand of polymorph (5/24)
 j - a wand of enslavement (19/24)
 H - a wand of acid (12/15)
 U - a wand of digging (12/24)
Scrolls
 e - 4 scrolls of immolation
 i - 2 scrolls of amnesia
 l - 2 scrolls of identify
 m - 3 scrolls of enchant weapon
 s - 2 scrolls of magic mapping
 A - 5 scrolls of fog
 F - 2 scrolls of fear
 I - 2 scrolls of enchant armour
 J - 4 scrolls of recharging
 O - a scroll of summoning
 W - 8 scrolls of remove curse
Potions
 d - 2 potions of might
 o - 7 potions of curing
 q - 6 potions of lignification
 r - 5 potions of flight
 x - a potion of heal wounds
 z - 2 potions of magic
 C - 3 potions of cancellation
 K - a potion of mutation
 N - 3 potions of agility
 T - 2 potions of resistance
Books
 p - a book of Callings

   Spells                             Type                      Level
   a - Summon Small Mammal            Summoning                    1
   b - Call Imp                       Summoning                    2
   c - Call Canine Familiar           Summoning                    3
   d - Summon Guardian Golem          Hexes/Summoning              3
   e - Summon Lightning Spire         Summoning/Air                4
   f - Summon Ice Beast               Ice/Summoning                4
 P - a book of Maledictions

   Spells                             Type                      Level
   a - Corona                         Hexes                        1
   b - Ensorcelled Hibernation        Hexes/Ice                    2
   c - Confuse                        Hexes                        3
   d - Tukima's Dance                 Hexes                        3
   e - Dazzling Spray                 Conjuration/Hexes            3
 Q - a book of Cantrips

   Spells                             Type                      Level
   a - Corona                         Hexes                        1
   b - Animate Skeleton               Necromancy                   1
   c - Summon Small Mammal            Summoning                    1
   d - Apportation                    Translocation                1
Miscellaneous
 G - a fan of gales
 X - a phial of floods
 Y - a disc of storms
 Z - a plain deck of destruction {Pain}
Comestibles
 f - 18 bread rations
 g - 15 meat rations
 D - 3 beef jerkies


   Skills:
 + Level 14.5 Fighting
 - Level 7.0 Long Blades
 + Level 12.0 Polearms
 + Level 14.0 Armour
 - Level 7.0 Dodging
 + Level 15.2 Shields
 - Level 3.0 Spellcasting
 + Level 4.4 Summonings
 - Level 6.5 Poison Magic


You had 13 spell levels left.
You knew the following spells:

 Your Spells              Type           Power        Failure   Level  Hunger
a - Cure Poison           Pois           ##........   4%          2    ###....
b - Sting                 Conj/Pois      #...         12%         1    ##.....
c - Summon Small Mammal   Summ           #...         8%          1    ##.....
d - Call Canine Familiar  Summ           #.......     21%         3    ####...
e - Apportation           Tloc           #.........   41%         1    ##.....


Dungeon Overview and Level Annotations

Branches:
Dungeon (13/15)            Temple (1/1) D:7            Lair (8/8) D:8
  Swamp (4/4) Lair:4       Spider (0/4) Lair:5        Slime (0/6) Lair:7
    Orc (0/2) D:11
 Vaults: D:13-14

Altars:
Ashenzari
Cheibriados
Dithmenos
Elyvilon
Fedhas
Gozag
Kikubaaqudgha
Makhleb
Nemelex Xobeh
Okawaru
Pakellas
Qazlal
Ru
Sif Muna
Trog
Vehumet
Xom
Yredelemnul
Zin
The Shining One

Portals:
Trove: D:11 (give wand of heal wounds (9))

Annotations:
D:5 2 runed doors, Sigmund
D:11 exclusion: ice statue
Lair:3 Rupert


Innate Abilities, Weirdness & Mutations

You are under a permanent stasis effect.
You can dig through walls and to a lower floor.
Your four strong arms can wield two-handed weapons with a shield.
You have a pair of large antennae on your head (SInv).
Your system is resistant to poisons.


Message History

You are too injured to fight recklessly!
You hit the spriggan druid. You freeze the spriggan druid.
The spriggan druid is lightly wounded.
A root lunges up near you.
The spriggan druid hits you with a quarterstaff.
* * * LOW HITPOINT WARNING * * *
You closely miss the spriggan druid.
The spriggan druid is lightly wounded.
You impale the spriggan druid!! You freeze the spriggan druid.
The spriggan druid is severely wounded.
A tree reaches out and hits you!
* * * LOW HITPOINT WARNING * * *
The spriggan druid misses you.
You miss the spriggan druid.
The spriggan druid is severely wounded.
You are hit by a branch!
* * * LOW HITPOINT WARNING * * *
The spriggan druid points at you and mumbles some strange words.
The stone arrow hits you!
You die... ♣≈♣ { { { #♣≈....≈≈≈...♣≈... ♣≈≈♣ {{{ { {{ #♣≈♣...≈≈≈≈≈.♣♣♣♣♣ ♣≈.♣ {{{{{

#≈.§....≈.≈≈.♣
♣≈§≈ {{{
{#♣♣≈.♣♣♣♣♣..≈≈≈♣
♣.§.{ { #.≈..≈♣
♣♣♣..♣ ♣ ≈...§♣
##♣≈♣.≈.♣♣ ♣..♣♣
≈.≈D≈§
#.{§††..≈♣♣ ♣≈≈.≈
.≈≈≈.≈.
..{..♣♣♣i../.♣♣
≈≈.♣ ♣≈♣.♣
♣@.≈.≈.♣ ≈ ♣ ♣♣
♣♣..≈≈≈♣ ♣
≈.≈≈≈≈≈≈≈ ♣ {
.D≈≈≈≈≈≈≈ ♣♣♣♣ ♣
{{ ♣♣..≈≈≈≈≈≈§
♣≈.♣♣♣
≈...≈≈≈≈≈.♣♣≈.≈♣♣
{
≈≈≈≈≈≈≈≈≈≈♣♣≈.≈≈<
≈≈≈≈≈≈≈≈≈≈≈.≈≈..
≈≈≈≈≈≈≈≈≈≈≈....§


You could see a swamp dragon and a spriggan druid.

Vanquished Creatures
  A thorn hunter (Swamp:2)
  The ghost of Reinor the Imperceptible, a journeyman SpAK of Lugonu (Swamp:2)
  19 hydras
  A ghost crab (Swamp:4)
  A catoblepas (Lair:8)
  Erica (D:8)
  7 alligators
  Nergalle (Lair:4)
  2 unseen horrors
  The ghost of Torax the Destroyer, a novice DrCj of Vehumet (D:8)
  5 shambling mangroves
  5 swamp dragons
  A hill giant (D:11)
  3 spriggan druids
  A wolf spider (Lair:8)
  A griffon (Lair:6)
  2 hornets (Swamp:4)
  4 elephants (Lair:7)
  8 black mambas
  A guardian serpent (Lair:8)
  20 spiny frogs
  A redback zombie (D:12)
  A fire drake (Lair:2)
  9 komodo dragons
  4 polar bears
  3 trolls
  5 giant leeches
  4 jumping spiders (Lair:5)
  10 slime creatures
  2 two-headed ogres
  A boulder beetle (Lair:6)
  11 blink frogs (Lair:5)
  2 bog bodies
  3 redbacks (Lair:5)
  2 flying skulls (Volcano)
  5 spriggans
  A shadow (D:10)
  2 wraiths
  4 wyverns
  2 vampires (Volcano)
  58 yaks
  3 fire bats (Lair:1)
  2 basilisks
  A human (shapeshifter) (D:13)
  The ghost of Potsanchik the Poker, an amateur DsAK of Lugonu (D:4)
  14 hippogriffs
  7 vampire mosquitoes
  18 wolves
  9 swamp worms
  Edmund (D:5)
  21 water moccasins
  8 insubstantial wisps
  6 swamp drakes
  Duvessa (D:4)
  A sky beast (D:7)
  6 porcupines
  3 ice beasts
  6 orc warriors
  11 wasps
  Purgy (Sewer)
  A black bear (D:5)
  7 necrophages
  12 ogres
  9 centaurs
  14 crocodiles
  3 big kobolds
  10 giant frogs
  Dowan (D:4)
  A gnoll sergeant (D:11)
  5 scorpions
  A wyvern skeleton (D:7)
  10 killer bees
  3 electric eels
  10 crimson imps
  A giant frog zombie (D:10)
  8 jellies
  5 quasits
  A centaur zombie (D:8)
  2 lava snakes (D:9)
  2 giant frog skeletons
  4 hounds
  7 orc wizards
  3 orc priests
  2 centaur skeletons
  8 iguanas
  Natasha (thrice) (D:4)
  12 worker ants
  A killer bee zombie (D:11)
  7 sheep (Lair:8)
  A hound zombie (D:10)
  A mummy (Volcano)
  2 worker ant zombies (D:6)
  3 gnolls (D:11)
  17 adders
  43 river rats
  2 shadow imps
  2 oozes
  4 adder skeletons
  A worm (D:4)
  5 giant geckos
  31 orcs
  3 ball pythons
  22 bats
  3 giant cockroaches
  9 hobgoblins
  14 jackals
  A quokka (D:7)
  A ball python skeleton (D:4)
  3 giant newts (D:2)
  10 goblins
  2 goblin skeletons (D:6)
  2 goblin zombies (D:6)
  2 hobgoblin zombies (D:6)
  17 kobolds
  A kobold skeleton (D:6)
  2 orc skeletons (D:6)
  A quokka zombie (D:9)
  20 rats
  A fungus (Lair:8)
715 creatures vanquished.

Vanquished Creatures (collateral kills)
  A ghost crab (Swamp:2)
  5 hydras
  A centaur warrior (D:13)
  An alligator (Swamp:1)
  An unseen horror (D:13)
  A swamp dragon (Swamp:1)
  A wolf spider (Lair:8)
  A cyclops (D:12)
  2 elephants (Lair:7)
  2 spiny frogs
  3 black mambas (Lair:8)
  3 komodo dragons
  A giant leech (Swamp:1)
  2 slime creatures (D:13)
  A bog body (Swamp:1)
  2 wyverns (Lair:8)
  A vampire (D:12)
  3 yaks
  2 basilisks (Lair:8)
  A steam dragon (Lair:7)
  A hungry ghost (D:13)
  2 hippogriffs (Lair:8)
  3 vampire mosquitoes (Swamp:2)
  A wolf (Lair:8)
  A swamp worm (Swamp:1)
  6 water moccasins (Lair:8)
  A swamp drake (Swamp:2)
  An ice beast (D:11)
  10 wasps
  A centaur (D:11)
  A scorpion (D:13)
  3 killer bees (D:12)
  A centaur skeleton (D:12)
  A giant frog skeleton (D:13)
  An iguana (Lair:4)
  A worker ant (Lair:8)
  10 sheep (Lair:8)
  2 adders (Lair:8)
  A river rat (Lair:8)
  3 orcs
  3 fungi (Lair:8)
  3 plants (Lair:8)
92 creatures vanquished.

Vanquished Creatures (others)
  A merfolk impaler (Swamp:2)
  A minotaur (D:1)
  A centaur warrior (D:13)
  2 octopodes (D:1)
  A vine stalker (D:1)
  A giant leech (Swamp:2)
  2 formicids (D:1)
  2 vampires (D:1)
  A wyvern (D:9)
  A dwarf (D:1)
  5 centaurs
  An ogre (D:1)
  A big kobold (Lair:4)
  Jessica (D:2)
  2 mummies (D:1)
  A kobold (D:10)
  21 fungi
  5 plants
  4 tentacles (D:1)
  28 tentacle segments (D:1)
82 creatures vanquished.

Grand Total: 889 creatures vanquished

Notes
Turn   | Place    | Note
--------------------------------------------------------------
     0 | D:1      | KarvaRausku the Formicid Fighter began the quest for the Orb.
     0 | D:1      | Reached XP level 1. HP: 18/18 MP: 1/1
     0 | D:1      | Noticed a vampire
     0 | D:1      | Noticed a vampire
     0 | D:1      | Noticed a vine stalker
     0 | D:1      | Noticed a formicid
     0 | D:1      | Noticed a kraken
     0 | D:1      | Noticed an octopode
     0 | D:1      | Noticed a formicid
     0 | D:1      | Noticed an octopode
     0 | D:1      | Noticed a minotaur
     0 | D:1      | Noticed a dwarf
     0 | D:1      | Noticed an ogre
     3 | D:1      | Killed a vine stalker
     3 | D:1      | Killed an octopode
     4 | D:1      | Killed an octopode
     5 | D:1      | Killed a formicid
     5 | D:1      | Killed a vampire
     6 | D:1      | Killed an ogre
    10 | D:1      | Killed a vampire
    12 | D:1      | Killed a dwarf
    13 | D:1      | Killed a minotaur
    13 | D:1      | Killed a formicid
   138 | D:1      | Reached XP level 2. HP: 20/24 MP: 2/2
   319 | D:1      | Reached skill level 4 in Fighting
   319 | D:1      | Reached XP level 3. HP: 27/30 MP: 3/3
   489 | D:2      | Killed Jessica
   561 | D:2      | Reached XP level 4. HP: 29/38 MP: 4/4
   815 | D:2      | Found a radiant altar of Vehumet.
  1518 | D:3      | Reached skill level 5 in Fighting
  1518 | D:3      | Reached XP level 5. HP: 42/44 MP: 5/5
  1621 | D:3      | Found a glowing drain.
  1632 | Sewer    | Entered a sewer
  1679 | Sewer    | Noticed Purgy
  1694 | Sewer    | Killed Purgy
  1694 | Sewer    | Reached XP level 6. HP: 22/52 MP: 6/6
  1905 | Sewer    | Got a brightly glowing ring mail
  1931 | Sewer    | Identified the +4 ring mail of Fotolat {rPois Regen+ Str+3} (You found it in a sewer)
  2519 | D:4      | Noticed Duvessa
  2519 | D:4      | Noticed Dowan
  2536 | D:4      | Killed Duvessa
  2567 | D:4      | Killed Dowan
  2567 | D:4      | Reached skill level 1 in Dodging
  2567 | D:4      | Reached XP level 7. HP: 44/57 MP: 7/7
  2603 | D:4      | Noticed Natasha
  2630 | D:4      | Reached skill level 6 in Fighting
  2649 | D:4      | Killed Natasha
  2773 | D:4      | Noticed Natasha
  2794 | D:4      | Killed Natasha
  2805 | D:4      | Noticed Potsanchik's ghost (amateur DsAK)
  2926 | D:4      | Killed Potsanchik's ghost
  2969 | D:4      | Reached skill level 5 in Long Blades
  2969 | D:4      | Reached XP level 8. HP: 63/65 MP: 8/8
  2983 | D:4      | Noticed Natasha
  3003 | D:4      | Killed Natasha
  3003 | D:4      | Reached skill level 5 in Shields
  3043 | D:4      | Got an iridescent trident
  3100 | D:5      | Entered Level 5 of the Dungeon
  3132 | D:5      | Noticed Sigmund
  3154 | D:5      | Reached skill level 5 in Armour
  3220 | D:5      | Noticed Edmund
  3384 | D:5      | Reached skill level 7 in Fighting
  3392 | D:5      | Got a jewelled ring mail
  3443 | D:5      | Killed Edmund
  3725 | D:5      | Reached XP level 9. HP: 65/72 MP: 9/9
  3778 | D:5      | Identified the +10 trident "Pisiuwk" {freeze, rN+ Stlth+} (You found it on level 4 of the Dungeon)
  3881 | D:5      | Found a runed door.
  3895 | D:5      | Reached skill level 1 in Polearms
  3899 | D:5      | Found a runed door.
  4123 | D:6      | Found a glowing golden altar of the Shining One.
  4523 | D:7      | Found a shattered altar of Ashenzari.
  4640 | D:7      | Reached skill level 8 in Fighting
  4662 | D:7      | Found a staircase to the Ecumenical Temple.
  4700 | D:7      | Got a pitted ring mail
  4760 | Temple   | Entered the Ecumenical Temple
  4777 | Temple   | Became a worshipper of Warmaster Okawaru
  4881 | Temple   | Identified the cursed +0 ring mail of the Four Mice {rF+ Dex+5} (You found it on level 7 of the Dungeon)
  4892 | Temple   | Identified the cursed +0 ring mail of Instinct {MR- rCorr Int-5 SInv} (You found it on level 5 of the Dungeon)
  5016 | D:7      | Reached XP level 10. HP: 80/80 MP: 10/10
  5251 | D:8      | Noticed Torax's ghost (novice DrCj)
  5258 | D:8      | Killed Torax's ghost
  5258 | D:8      | Reached * piety under Okawaru
  5650 | D:8      | Noticed Erica
  5654 | D:8      | Killed Erica
  5654 | D:8      | Reached ** piety under Okawaru
  5654 | D:8      | Reached skill level 9 in Fighting
  5679 | D:8      | Found a staircase to the Lair.
  5721 | D:8      | Reached skill level 5 in Polearms
  6086 | D:9      | Reached *** piety under Okawaru
  6170 | D:9      | Reached XP level 11. HP: 85/89 MP: 11/11
  6808 | D:10     | Entered Level 10 of the Dungeon
  6975 | D:10     | Reached **** piety under Okawaru
  7164 | D:10     | Reached skill level 10 in Fighting
  7254 | D:10     | Gained mutation: Your system is resistant to poisons. [potion of beneficial mutation]
  7513 | D:10     | Reached skill level 10 in Shields
  8001 | D:11     | Found a staircase to the Orcish Mines.
  8046 | D:11     | Found a frozen archway.
  8078 | D:11     | Noticed a hill giant
  8086 | D:11     | Killed a hill giant
  8086 | D:11     | Reached ***** piety under Okawaru
  8309 | Lair:1   | Entered Level 1 of the Lair of Beasts
  8350 | Lair:1   | Found a dark tunnel.
  8360 | Volcano  | Entered a volcano
  8561 | Volcano  | Reached XP level 12. HP: 98/98 MP: 12/12
  9253 | Lair:1   | Reached skill level 10 in Armour
  9349 | Lair:2   | Reached skill level 11 in Fighting
  9424 | Lair:2   | Reached ****** piety under Okawaru
  9434 | Lair:2   | Received a gift from Okawaru
 10319 | Lair:3   | Noticed a four-headed hydra
 10338 | Lair:3   | Killed a four-headed hydra
 10356 | Lair:3   | Noticed a six-headed hydra
 10370 | Lair:3   | Killed a six-headed hydra
 10370 | Lair:3   | Reached XP level 13. HP: 91/107 MP: 13/13
 10387 | Lair:3   | Noticed a four-headed hydra
 10397 | Lair:3   | Killed a four-headed hydra
 10607 | Lair:3   | Noticed an eight-headed hydra
 10616 | Lair:3   | Killed an eight-headed hydra
 10616 | Lair:3   | Reached skill level 12 in Fighting
 10925 | Lair:4   | Hired Arghusmu the big kobold for 86 gold.
 10967 | Lair:4   | Noticed Rupert
 10974 | Lair:4   | Your ally Arghusmu died
 11264 | Lair:4   | Noticed Nergalle
 11265 | Lair:4   | Found a staircase to the Swamp.
 11278 | Lair:4   | Killed Nergalle
 11550 | Lair:4   | Noticed a seven-headed hydra
 11559 | Lair:4   | Killed a seven-headed hydra
 11888 | Lair:5   | Received a gift from Okawaru
 12159 | Lair:5   | Reached skill level 13 in Shields
 12338 | Lair:5   | Reached XP level 14. HP: 90/116 MP: 14/14
 12443 | Lair:5   | Found a hole to the Spider Nest.
 12735 | Lair:5   | Reached skill level 10 in Polearms
 13015 | Lair:6   | Reached skill level 5 in Dodging
 13254 | Lair:6   | Received a gift from Okawaru
 13591 | Lair:6   | Learned a level 2 spell: Cure Poison
 13678 | Lair:7   | Found a staircase to the Slime Pits.
 13801 | Lair:7   | Reached skill level 1 in Poison Magic
 14032 | Lair:7   | Reached skill level 1 in Spellcasting
 14154 | Lair:7   | Hired Vivaytyb the merfolk for 267 gold.
 14161 | Lair:7   | Hired Lonnodox the naga for 173 gold.
 14700 | Lair:8   | Entered Level 8 of the Lair of Beasts
 14750 | Lair:8   | Received a gift from Okawaru
 15277 | Lair:8   | Received a gift from Okawaru
 15325 | Lair:8   | Reached XP level 15. HP: 124/124 MP: 19/19
 15753 | Lair:8   | Reached skill level 14 in Shields
 16326 | D:11     | Found a portal to a secret trove of treasure.
 16759 | Temple   | Learned a level 1 spell: Sting
 17540 | D:13     | Learned a level 1 spell: Summon Small Mammal
 17621 | D:13     | Reached skill level 5 in Poison Magic
 17828 | D:13     | Reached skill level 1 in Summonings
 18424 | Swamp:1  | Entered Level 1 of the Swamp
 18876 | Swamp:1  | Received a gift from Okawaru
 18877 | Swamp:1  | Got a warped shield {god gift}
 18890 | Swamp:1  | Identified the +0 shield of the Purple Skies {rElec Dex+3} (Okawaru gifted it to you on level 1 of the Swamp)
 19374 | Swamp:2  | Noticed a thorn hunter
 19382 | Swamp:2  | Killed a thorn hunter
 19408 | Swamp:2  | Noticed Reinor's ghost (journeyman SpAK)
 19415 | Swamp:2  | Killed Reinor's ghost
 19435 | Swamp:2  | Your ally Vivaytyb died
 20200 | Swamp:3  | You fall through a shaft!
 20200 | Swamp:4  | Entered Level 4 of the Swamp
 20214 | Swamp:4  | Reached XP level 16. HP: 48/133 MP: 20/20
 20519 | Swamp:3  | Learned a level 3 spell: Call Canine Familiar
 21135 | Swamp:4  | Reached skill level 15 in Shields
 21285 | Swamp:4  | Learned a level 1 spell: Apportation
 21357 | Swamp:4  | Received a gift from Okawaru
 21475 | Swamp:4  | Killed from afar by a spriggan druid

Vault maps used:
D:1:      nicolae_arrival_kraken_aquarium_a
D:2:      fiery_altar_vehumet, uniq_jessica
D:3:      minmay_door_path, portal_sewer_entry_d
D:4:      uniq_duvessa, uniq_natasha
D:5:      lemuel_insect_pit, first_bread, uniq_sigmund, uniq_edmund
D:6:      nicolae_tso_besieged_by_evil
D:7:      temple_pool_a, basic_altar, the_bakery, minivault_14,
          hangedman_decor_riveting
D:8:      grunt_lair_entry_orc_guard_hut, uniq_erica
D:9:      disabler_island
D:10:     corexii_corridor_pit, corner_web_ring
D:11:     orc_0_dummy, enter_trove_1, portal_ice_cave_entry_ice_statue_01
Temple:   grunt_circular_temple_18
Lair:1:   nicolae_volcano_entry_batcave
Lair:2:   grunt_megastairs_5, bh_autumn_forest_stairs
Lair:3:   infiniplex_staircase_pool, grunt_megastairs_4
Lair:4:   swamp_mist, nicolae_quartered_pool_little,
          grunt_forest_large_clearing_hut, serial_bayou_shore_a, uniq_nergalle,
          uniq_rupert
Lair:5:   nicolae_spider_entry_tight_spaces, roderic_carrion_pond,
          grunt_megastairs_2
Lair:6:   serial_bayou_shore_b
Lair:7:   minmay_slime_entry_pillars
Lair:8:   hangedman_lair_tendril_chambers
Swamp:1:  hangedman_swamp_lotus
Swamp:2:  nicolae_swamp_little_tower
Swamp:3:  evilmike_swamp_ruin_house_3
Swamp:4:  swamp, swamp_pool2
Sewer:    sewer_big_baddie
Volcano:  volcano_tomb

Action                   |  1- 3 |  4- 6 |  7- 9 | 10-12 | 13-15 | 16-18 || total
-------------------------+-------+-------+-------+-------+-------+-------++-------
Melee: Long sword        |   106 |   193 |   267 |       |       |       ||   566
       Trident           |       |       |   124 |   630 |  1119 |   319 ||  2192
Throw: Tomahawk          |       |       |       |       |    18 |     1 ||    19
 Cast: Cure Poison       |       |       |       |       |     4 |     4 ||     8
       Summon Small Mamm |       |       |       |       |     1 |       ||     1
 Abil: Dig               |     1 |     1 |       |     2 |       |       ||     4
       Shaft Self        |       |       |       |       |     1 |       ||     1
Evoke: Wand              |       |       |     1 |     5 |     2 |       ||     8
       Deck              |       |       |       |     2 |    11 |       ||    13
       Disc of storms    |       |       |       |       |     2 |       ||     2
       Fan of gales      |       |       |       |       |     1 |       ||     1
  Use: Scroll            |       |     1 |    11 |    15 |    13 |     1 ||    41
       Potion            |       |       |       |     1 |     4 |     1 ||     6
 Stab: Sleeping          |       |       |     2 |     7 |    21 |       ||    30
       Distracted        |       |       |       |     1 |     7 |       ||     8
       Petrifying        |       |       |       |       |     1 |       ||     1
  Eat: Chunk             |       |     6 |     8 |     9 |    12 |       ||    35
       Royal jelly       |       |       |       |     2 |       |       ||     2
       Meat ration       |       |       |       |     1 |     1 |       ||     2
       Fruit             |       |       |       |       |     9 |     1 ||    10
       Pizza             |       |       |       |       |     4 |     2 ||     6
       Beef jerky        |       |       |       |       |     2 |     1 ||     3
